 Dungeon Crawl Stone Soup version 0.27-a0-1191-g601b473118 (webtiles) character file.

Game seed: 17390096362441524544

76 polve the Slasher (level 4, -3/34 HPs)
             Began as a Demonspawn Gladiator on May 23, 2021.
             Was an Initiate of Gozag.
             Slain by a gnoll
             ... wielding a +0 spear of distortion
              (4 damage)
             ... on level 3 of the Dungeon.
             The game lasted 00:02:15 (2362 turns).

polve the Slasher (Demonspawn Gladiator)            Turns: 2362, Time: 00:02:16

Health: -3/34      AC:  5    Str: 15    XL:     4   Next: 12%
Magic:  4/4        EV: 15    Int: 10    God:    Gozag
Gold:   329        SH:  0    Dex: 14    Spells: 3/3 levels left

rFire    . . .     SeeInvis .   a - +0 long sword
rCold    . . .     Faith    .   (no shield)
rNeg     . . .     Spirit   .   b - +0 leather armour
rPois    .         Reflect  .   c - +0 helmet
rElec    .         Harm     .   (no cloak)
rCorr    .         Rampage  .   (no gloves)
Will     .....                  j - +0 pair of boots
Stlth    +.........             (no amulet)
HPRegen  0.11/turn              (no ring)
MPRegen  0.09/turn              (no ring)

@: no status effects
A: talons 1, repulsion field 2
a: Renounce Religion, Potion Petition, Call Merchant, Bribe Branch


You were on level 3 of the Dungeon.
You worshipped Gozag.
Gozag was aware of your devotion.
You visited 1 branch of the dungeon, and saw 3 of its levels.

You collected 425 gold pieces.
You spent 96 gold pieces at shops.

Inventory:

Hand Weapons
 a - a +0 long sword (weapon)
Missiles
 d - 3 throwing nets (quivered)
Armour
 b - a +0 leather armour (worn)
 c - a +0 helmet (worn)
 j - a +0 pair of boots (worn)
Scrolls
 f - a scroll of teleportation {unknown}
 k - a scroll of identify {unknown}
 l - a scroll of noise {unknown}
Potions
 e - a potion of lignification {unknown}
 g - a potion of curing
 h - a potion of heal wounds
 i - a potion of attraction {unknown}
 m - a potion of mutation {unknown}


   Skills:
 + Level 2.6 Fighting
 - Level 3.9 Long Blades
 - Level 1.7 Throwing
 + Level 1.3 Armour
 - Level 2.6 Dodging


You had 3 spell levels left.
You didn't know any spells.
Your spell library contained the following spells:

 Spells                   Type           Power      Damage    Failure   Level
 Confusing Touch          Hex            0%         N/A       80%         3
 Gell's Gravitas          Tloc           0%         N/A       80%         3
 Petrify                  Tmut/Erth      0%         N/A       99%         4
 Metabolic Englaciation   Hex/Ice        0%         N/A       100%        5
 Yara's Violent Unravell  Hex/Tmut       0%         3d3       100%        5


Dungeon Overview and Level Annotations

Branches:
Dungeon (3/15)

Altars:
Gozag

Shops:
D:2 ((([!


Innate Abilities, Weirdness & Mutations

You have sharp toenails.
You are surrounded by a moderate repulsion field. (EV +3)


Message History

The gnoll hits you from afar with a +0 spear of distortion.
Space bends around you.
A rat comes into view.
The gnoll hits you but does no damage.
You are too injured to fight recklessly!
You are too injured to fight recklessly!
You are too injured to fight recklessly!
You are too injured to fight recklessly!
You are too injured to fight recklessly!
You are too injured to fight recklessly!
You are too injured to fight recklessly!
You are too injured to fight recklessly!
The gnoll misses you. The gnoll closely misses you.
You completely miss the gnoll.
The gnoll is heavily wounded.
The gnoll hits you with a +0 whip.
You barely miss the gnoll.
The gnoll is heavily wounded.
You hear the rusting of a drain nearby.
The gnoll closely misses you. x2; You riposte.
You completely miss the gnoll.
The gnoll is heavily wounded.
The gnoll hits you from afar with a +0 spear of distortion.
Space bends around you.
You hit the gnoll.
The gnoll is severely wounded.
The gnoll closely misses you. x2
You hit the gnoll but do no damage.
The gnoll is severely wounded.
The gnoll closely misses you.
The gnoll hits you from afar with a +0 spear of distortion.
Space bends around you.
* * * LOW HITPOINT WARNING * * *
You closely miss the gnoll.
The gnoll is severely wounded.
The gnoll hits you with a +0 whip!
* * * LOW HITPOINT WARNING * * *
The gnoll hits you but does no damage. Space bends around you.
You die...
Your body crumbles into a pile of gold.

.... #................... r...[
#..............##### .#...#####
#............### .........#
#............#
....$....#######........#
.....?......# #......#########
............# #...............
.#..........####......#########
#.>.......ggg@................
#..........####......#########
#..........# #......# #
######.....# #......#########
####### #.##...........#
#.##.#.#######.# #.##.#.#
#..<... #.##.#.# #.#.#.#
#.##.#.... #.#.#


You could see 3 gnolls.

Vanquished Creatures
  2 adders
  A dart slug (D:2)
  6 endoplasms
  7 giant cockroaches
  3 goblins
  3 hobgoblins
  4 jackals (D:1)
  2 kobolds (D:1)
  2 quokkas (D:2)
  3 ball pythons
  6 bats
  6 frilled lizards
  7 rats
52 creatures vanquished.

Notes
Turn   | Place    | Note
-------+----------+-------------------------------------------
     0 | D:1      | polve the Demonspawn Gladiator began the quest for the Orb.
     0 | D:1      | Reached XP level 1. HP: 16/16 MP: 1/1
    50 | D:1      | Found a faded altar of an unknown god.
    95 | D:1      | Became a worshipper of Gozag Ym Sagoz the Greedy
   135 | D:1      | Reached skill level 3 in Long Blades
   217 | D:1      | Gained mutation: You are surrounded by a mild repulsion
                  | field. (EV +2) [demonic ancestry]
   217 | D:1      | Reached XP level 2. HP: 22/22 MP: 2/2
  1098 | D:2      | Found Juohamm's Distillery.
  1101 | D:2      | Gained mutation: You are surrounded by a moderate repulsion
                  | field. (EV +3) [demonic ancestry]
  1101 | D:2      | Reached XP level 3. HP: 27/27 MP: 3/3
  1110 | D:2      | Bought a potion of curing for 36 gold pieces
  1110 | D:2      | Bought a potion of heal wounds for 60 gold pieces
  1131 | D:2      | Found Jixa Hie's Armour Shoppe.
  1149 | D:2      | Found Kecoacey's Antique Weapon Shop.
  1156 | D:2      | Found Jomusow's Weapon Emporium.
  1704 | D:2      | Reached skill level 1 in Armour
  1790 | D:2      | Found Ynufocy's Antique Weapon Boutique.
  2128 | D:3      | Gained mutation: You have sharp toenails. [demonic
                  | ancestry]
  2128 | D:3      | Reached XP level 4. HP: 24/34 MP: 4/4
  2362 | D:3      | HP: 1/34 [gnoll/+0 whip (9)]
  2362 | D:3      | Slain by a gnoll

Illustrated notes

Levels and vault maps discovered:
D:1:      dpeg_arrival_boxorama, layout_basic, basic_ecumenical_altar,
          minmay_misc_feat_nine_boxes
D:2:      minmay_chambers_of_twos, layout_basic, serial_shops,
          nicolae_shop_trees, shop, shop, nicolae_shop_waterfront, shop
D:3:      layout_basic, cheibrodos_sewer_entry_drain

Skill      XL: |  1  2  3 |
---------------+----------+-----
Long Blades    | 3 |  3.9
Armour         | 1 |  1.3
Fighting       | |  2.6
Throwing       | |  1.7
Dodging        | |  2.6

Action                   |  1- 3 |  4- 6 || total
-------------------------+-------+-------++-------
Melee: Long sword        |   122 |    13 ||   135
 Stab: Sleeping          |     2 |       ||     2
Armor: Leather armour    |    42 |     5 ||    47
Dodge: Dodged            |   127 |    16 ||   143
       Rpst.: Long sword |    35 |     3 ||    38

Table legend: (Time is in decaauts)
 A = Elapsed time spent in this place.
 B = Non-inter-level travel time spent in this place.
 C = Inter-level travel time spent in this place.
 D = Time resting spent in this place.
 E = Time spent auto-exploring this place.
 F = Levels seen in this place.
 G = Mean time per level.
                   A        B        C        D        E       F      G
               +--------+--------+--------+--------+--------+-----+--------+
         Total |   2394 |   2361 |     33 |      0 |   1998 |   3 |  798.0 |
       Dungeon |   2394 |   2361 |     33 |      0 |   1998 |   3 |  798.0 |
               +--------+--------+--------+--------+--------+-----+--------+

Top non-repeatable levels by time:
     D:1: 1081 daAuts
     D:2: 1057 daAuts
     D:3: 256 daAuts
